 Dungeon Crawl Stone Soup version 0.20.0-14-g326068f (webtiles) character file.

83 Revguard the Covered (level 4, -7/41 HPs)
             Began as a Minotaur Fighter on June 9, 2017.
             Mangled by Zaque's ghost (10 damage)
             ... on level 3 of the Dungeon.
             The game lasted 00:12:08 (1969 turns).

Revguard the Covered (Minotaur Fighter)             Turns: 1969, Time: 00:12:09

Health: -7/41      AC:  6    Str: 20    XL:     4   Next: 22%
Magic:  3/3        EV:  7    Int:  5    God:
Gold:   129        SH:  9    Dex: 11    Spells: 3/3 levels left

rFire    + . .     SeeInvis .   a - +0 war axe
rCold    . . .     Gourm    .   c - +0 shield
rNeg     . . .     Faith    .   b - +0 scale mail
rPois    .         Spirit   .   (helmet restricted)
rElec    .         Reflect  .   (no cloak)
rCorr    .         Harm     .   (no gloves)
MR       .....                  (no boots)
Stlth    ..........             (no amulet)
Regen    0.0/turn               i - ring of protection from fire
MPRegen  0.1/turn               (no ring)

@: no status effects
A: retaliatory headbutt, horns 2, molten scales 1, deformed body, inhibited
regeneration, subdued magic 1
a: no special abilities


You were on level 3 of the Dungeon.
You were very full.

You visited 1 branch of the dungeon, and saw 3 of its levels.

You collected 129 gold pieces.

Inventory:

Hand Weapons
 a - a +0 war axe (weapon)
 g - a +1 mace of protection
Armour
 b - a +0 scale mail (worn)
 c - a +0 shield (worn)
 m - a +1 robe of fire resistance
Jewellery
 i - a ring of protection from fire (left hand)
Scrolls
 e - a scroll of identify
 n - a scroll of amnesia {unknown}
Potions
 d - a potion of curing {unknown}
 h - a potion of magic
 l - 2 potions of flight {unknown}
Comestibles
 f - a bread ration
 j - 3 meat rations


   Skills:
 + Level 4.3 Fighting
 + Level 3.5 Axes
 + Level 4.4 Armour
 + Level 0.4 Dodging
 + Level 4.1 Shields


You had 3 spell levels left.
You didn't know any spells.

Dungeon Overview and Level Annotations

Branches:
Dungeon (3/15)

Altars:

Annotations:
D:3 Zaque's ghost, amateur TrMo


Innate Abilities, Weirdness & Mutations

You reflexively headbutt those who attack you in melee.
You have a pair of horns on your head.
You are partially covered in molten scales. (AC +2)
Armour fits poorly on your strangely shaped body.
You do not regenerate when monsters are visible.
Your spells are a little easier to cast, but a little less powerful.


Message History

Zaque's ghost hits you but does no damage.
Zaque's ghost completely misses you.
You hit Zaque's ghost but do no damage. You headbutt Zaque's ghost.
Zaque's ghost is severely damaged.
Zaque's ghost hits you.
* * * LOW HITPOINT WARNING * * *
Okay, then.
Your shield and scale mail prevent you from hitting Zaque's ghost.
Zaque's ghost is severely damaged.
Zaque's ghost hits you.
* * * LOW HITPOINT WARNING * * *
Your magic is already full.
You barely miss Zaque's ghost. You headbutt Zaque's ghost!
Zaque's ghost is almost destroyed.
Zaque's ghost barely misses you. You furiously retaliate!
You headbutt Zaque's ghost. Zaque's ghost barely misses you.
You closely miss Zaque's ghost. You headbutt Zaque's ghost.
Zaque's ghost is almost destroyed.
Zaque's ghost hits you!
You die...

. .< #. #. ####
#.#.#.## #.. #.#.#>.#
#.# #.#.##.###.######.
#.......W@$......(
##...#...########..
#...!..#..# #####
#.#....##.#
#>.†###.†))#....#####.
..<.....).†..........(#
.......#)...###..####.#
.[.....#....# #$.#
.....).#....# #...#


You could see Zaque's ghost.

Vanquished Creatures
  Jessica (D:3)
  2 adders
  4 dart slugs
  An orc (D:3)
  A giant cockroach (D:3)
  3 goblins
  5 hobgoblins
  4 kobolds
  A quokka (D:2)
  2 bats
  2 frilled lizards
  5 rats
31 creatures vanquished.

Notes
Turn   | Place    | Note
-------+----------+-------------------------------------------
     0 | D:1      | Revguard the Minotaur Fighter began the quest for the Orb.
     0 | D:1      | Reached XP level 1. HP: 19/19 MP: 0/0
   344 | D:1      | Reached XP level 2. HP: 27/27 MP: 1/1
   912 | D:2      | Gained mutation: You do not regenerate when monsters are visible. [potion of mutation]
   912 | D:2      | Gained mutation: Your spells are a little easier to cast, but a little less powerful. [potion of mutation]
   912 | D:2      | Gained mutation: Armour fits poorly on your strangely shaped body. [potion of mutation]
   912 | D:2      | Gained mutation: You are partially covered in molten scales. (AC +2) [potion of mutation]
  1519 | D:2      | Reached XP level 3. HP: 21/33 MP: 2/2
  1891 | D:3      | Noticed Jessica
  1897 | D:3      | Killed Jessica
  1897 | D:3      | Reached XP level 4. HP: 27/40 MP: 3/3
  1941 | D:3      | Noticed Zaque's ghost (amateur TrMo)
  1969 | D:3      | Mangled by Zaque's ghost

Skill      XL: |  1  2  3 |
---------------+----------+-----
Fighting       | 4 |  4.3
Armour         | 4 |  4.4
Axes           | 3 |  3.5
Shields        | 4 |  4.1
Dodging        | |  0.4

Action                   |  1- 3 |  4- 6 || total
-------------------------+-------+-------++-------
Melee: War axe           |    60 |    17 ||    77
       Headbutt          |     6 |     5 ||    11
  Use: Scroll            |     5 |     1 ||     6
       Potion            |     2 |       ||     2
  Eat: Fruit             |     2 |       ||     2
       Meat ration       |     1 |       ||     1
       Bread ration      |     1 |       ||     1
Armor: Scale mail        |    35 |     5 ||    40
Dodge: Dodged            |    20 |     9 ||    29
Block: Shield            |    37 |    10 ||    47
